 Dungeon Crawl Stone Soup version 0.32-a0-913-g739538afd8 (webtiles) character file.

Game seed: 14597886156028880935

33 GiantSquids the Chopper (level 3, 31/31 HPs)
             Began as a Mountain Dwarf Fighter on Apr 7, 2024.
             Quit the game on level 2 of the Dungeon.
             The game lasted 00:01:01 (951 turns).

GiantSquids the Chopper (Mountain Dwarf Fighter)     Turns: 951, Time: 00:01:02

Health: 31/31      AC:  6    Str: 18    XL:     3   Next: 12%
Magic:  3/3        EV:  8    Int:  8    God:
Gold:   28         SH:  4    Dex: 11    Spells: 2/2 levels left

rFire   . . .        a - +0 war axe
rCold   . . .        c - +0 buckler
rNeg    . . .        b - +0 scale mail
rPois   .            (no helmet)
rElec   .            (no cloak)
rCorr   .            (no gloves)
SInv    .            (no boots)
Will    .....        (no amulet) Stlth
                     (no ring)
HPRegen 0.25/turn    (no ring)
MPRegen 0.08/turn

%: no passive effects
@: no status effects
A: runic magic, artefact enchanting
a: no special abilities


You were on level 2 of the Dungeon.
You visited 1 branch of the dungeon, and saw 2 of its levels.

You collected 28 gold pieces.

Inventory:

Hand Weapons
 a - a +0 war axe (weapon)
Armour
 b - a +0 scale mail (worn)
 c - a +0 buckler (worn)
Scrolls
 i - a scroll of poison {unknown}
 j - 2 scrolls of enchant armour {unknown}
 k - a scroll of butterflies {unknown}
Potions
 d - a potion of might
 e - 2 potions of degeneration {unknown}
 f - a potion of brilliance {unknown}
 g - a potion of curing {unknown}
 h - a potion of lignification {unknown}


   Skills:
 - Level 3.2 Fighting
 + Level 4.4 Axes
 - Level 3.2 Armour
 - Level 3.2 Shields


You had 2 spell levels left.
You didn't know any spells.
Your spell library was empty.

Dungeon Overview and Level Annotations

Branches:
Dungeon (2/15)

Altars:

Shops:
D:1 ?


Innate Abilities, Weirdness & Mutations

Your spellcasting is much less encumbered by armour.
You can use scrolls of enchantment on lesser artefacts.


Message History

There are monsters nearby!
The quokka closely misses you.
You hit the quokka.
The quokka is heavily wounded.
The quokka closely misses you.
You closely miss the quokka.
The quokka is heavily wounded.
The quokka barely misses you. The quokka completely misses you.
You slash the quokka!
You kill the quokka!
You closely miss the rat. The rat bites you.
The rat bites you but does no damage.
You closely miss the rat. The rat barely misses you.
You barely miss the rat. The rat bites you.
You closely miss the rat. The rat closely misses you. The rat bites you.
You closely miss the rat. The rat bites you but does no damage.
You closely miss the rat. The rat barely misses you.
You closely miss the rat. The rat bites you.
You closely miss the rat. The rat bites you.
The rat bites you but does no damage.
You closely miss the rat. You block the rat's attack.
You closely miss the rat. The rat barely misses you.
You block the rat's attack.
You hit the rat.
You kill the rat!
No target in view!
HP restored.
Found a stone staircase leading up.
Found an escape hatch in the ceiling.
An adder comes into view.
The adder hisses angrily.
You hear an angry hiss.
An adder comes into view.
There are monsters nearby!
You slash the adder!
You kill the adder!
You have reached level 3!
Your experience leads to an increase in your attributes!
Increase (S)trength, (I)ntelligence, or (D)exterity?
You feel agile. x2
Are you sure you want to abandon this character and quit the game? (Confirm with "yes".)

###### .....#
###.....#### .
#.......##.. ..
#.......##.###
.ß.###..........?.####.#
.ß..............@†S.....
#<........#.#.#.####
######...##.###.#.#
...#......#..<#.#.#
........#.#.#.#.#..
##...##..†#.#.#.#######
######.......#.......#
#.#.#.#########.#
#.........#####.#


You could see an adder.

Vanquished Creatures
  An adder (D:2)
  2 bats (D:1)
  2 endoplasms (D:1)
  A giant cockroach (D:1)
  2 goblins (D:1)
  3 jackals (D:1)
  3 quokkas
  3 frilled lizards (D:1)
  2 kobolds (D:1)
  4 rats
23 creatures vanquished.

Notes
Turn   | Place    | Note
-------+----------+-------------------------------------------
     0 | D:1      | GiantSquids the Mountain Dwarf Fighter began the quest for
                  | the Orb.
     0 | D:1      | Reached XP level 1. HP: 19/19 MP: 1/1
    44 | D:1      | Found Dosibb's Magic Scroll Shop.
   155 | D:1      | Reached skill level 3 in Axes
   158 | D:1      | Reached XP level 2. HP: 16/26 MP: 2/2
   689 | D:1      | Reached skill level 4 in Axes
   951 | D:2      | Reached XP level 3. HP: 31/31 MP: 3/3
   951 | D:2      | Quit the game

Illustrated notes

Levels and vault maps discovered:
D:1:      minmay_arrival_open_corners, layout_basic, serial_shops,
          nicolae_shop_getting_attention
D:2:      layout_basic, serial_undead, serial_undead_e, serial_undead_b,
          serial_undead_c, serial_undead_d, serial_undead_b, serial_undead_e,
          uniq_terence

Skill      XL: |  1  2 |
---------------+-------+-----
Axes           | 3 4 |  4.4
Fighting       | |  3.2
Armour         | |  3.2
Shields        | |  3.2

Action                     || total
---------------------------++-------
  Melee: War axe           ||    66
 Armour: Scale mail        ||    65
  Dodge: Dodged            ||    33
  Block: Buckler           ||    17

Table legend: (Time is in decaauts)
 A = Elapsed time spent in this place.
 B = Non-inter-level travel time spent in this place.
 C = Inter-level travel time spent in this place.
 D = Time resting spent in this place.
 E = Time spent auto-exploring this place.
 F = Levels seen in this place.
 G = Mean time per level.
                   A        B        C        D        E       F      G
               +--------+--------+--------+--------+--------+-----+--------+
         Total |    974 |    970 |      4 |      0 |    811 |   2 |  487.0 |
       Dungeon |    974 |    970 |      4 |      0 |    811 |   2 |  487.0 |
               +--------+--------+--------+--------+--------+-----+--------+

Top non-repeatable levels by time:
     D:1: 878 daAuts
     D:2: 96 daAuts
